 Dungeon Crawl Stone Soup version 0.25.1-8-g42b30a86e7 (webtiles) character file.

Game seed: 7596874073329152659

1100 hawla the Magician (level 8, -2/57 HPs)
             Began as a White Draconian Conjurer on Dec 5, 2020.
             Slain by Joseph
             ... wielding a +0 quarterstaff
              (16 damage)
             ... on level 7 of the Dungeon.
             The game lasted 00:23:07 (8371 turns).

hawla the Magician (White Draconian Conjurer)       Turns: 8371, Time: 00:23:08

Health: -2/57      AC:  3    Str: 11    XL:     8   Next: 10%
Magic:  14/17      EV: 11    Int: 17    God:
Gold:   278        SH:  0    Dex: 12    Spells: 8/20 levels left

rFire    . . .     SeeInvis .   a - +0 lajatang
rCold    + . .     Gourm    .   (shield currently unavailable)
rNeg     . . .     Faith    .   (armour unavailable)
rPois    .         Spirit   .   (helmet restricted)
rElec    .         Reflect  .   (no cloak)
rCorr    .         Harm     .   j - +0 pair of gloves
MR       .....                  (no boots)
Stlth    +.........             (no amulet)
HPRegen  0.19/turn              p - ring of wizardry
MPRegen  0.15/turn              (no ring)

@: corroded, drained
A: breathe frost, unfitting armour, cold resistance 1, cold-blooded, AC +6
a: Breathe Frost


You were on level 7 of the Dungeon.
You were not hungry.

You visited 1 branch of the dungeon, and saw 7 of its levels.
You also visited: Sewer.

You collected 278 gold pieces.

Inventory:

Hand Weapons
 a - a +0 lajatang (weapon)
Missiles
 k - 9 poisoned darts (quivered)
 n - 3 boomerangs
Armour
 j - a +0 pair of gloves (worn)
Jewellery
 p - a ring of wizardry (left hand)
 s - an uncursed amulet of faith
Wands
 h - a wand of paralysis (8)
 t - a wand of disintegration (14)
Scrolls
 c - a scroll of fog
 d - 3 scrolls of identify
 f - a scroll of teleportation
 g - a scroll of magic mapping
 i - 2 scrolls of enchant armour
 m - 2 scrolls of remove curse
 q - a scroll of enchant weapon
Potions
 e - 4 potions of flight
 l - a potion of stabbing
Comestibles
 b - 13 rations


   Skills:
 - Level 1.7(0.7) Dodging
 - Level 1.7(0.7) Stealth
 + Level 6.5(5.4) Spellcasting
 - Level 4.5(3.5) Conjurations
 + Level 1.8(0.9) Hexes
 - Level 4.9(3.8) Translocations
 + Level 2.5(1.5) Ice Magic


You had 8 spell levels left.
You knew the following spells:

 Your Spells              Type           Power        Failure   Level  Hunger
a - Magic Dart            Conj           ###.         1%          1    None
b - Searing Ray           Conj           ###...       1%          2    #......
c - Iskenderun's Mystic   Conj/Tloc      ###.....     12%         4    ####...
d - Metabolic Englaciati  Hex/Ice        #.........   63%         5    ######.

Your spell library contained the following spells:

 Spells                   Type           Power        Failure   Level  Hunger
 Shock                    Conj/Air       ##..         2%          1    None
 Gell's Gravitas          Tloc           ###.......   3%          3    ##.....
 Dazzling Flash           Conj/Hex       ##....       7%          3    ##.....
 Swiftness                Chrm/Air       #.......     9%          2    #......
 Static Discharge         Conj/Air       ##......     9%          3    ##.....
 Confusing Touch          Hex            #.......     12%         3    ##.....
 Fulminant Prism          Conj/Hex       ##........   22%         4    ####...
 Airstrike                Air            #.........   45%         4    ####...
 Petrify                  Tmut/Erth      #.......     45%         4    ####...
 Lightning Bolt           Conj/Air       ##........   56%         5    ######.
 Yara's Violent Unravell  Hex/Tmut       #.........   75%         5    ######.


Dungeon Overview and Level Annotations

Branches:
Dungeon (7/15)              Sewer (visited)
 Temple: D:4-7

Altars:
Gozag
Qazlal
Ru

Shops:
D:4 =

Annotations:
D:5 Eustachio
D:6 Blork the orc
D:7 Joseph


Innate Abilities, Weirdness & Mutations

You can breathe waves of freezing cold.
You can buffet flying creatures when you breathe cold.
Your icy white scales are hard. (AC +6)
You cannot fit into any form of body armour.
Your flesh is cold resistant. (rC+)
You are cold-blooded and may be slowed by cold attacks.


Message History

Joseph shoots a sling bullet.
The sling bullet misses you.
You see here a sling bullet.
Joseph unwields a +0 hunting sling.
Joseph wields a +0 quarterstaff.
Joseph hits you with a +0 quarterstaff!
The jelly quivers.
The jelly hits you. The acid corrodes you!
You are splashed with acid!
* * * LOW HITPOINT WARNING * * *
Casting: Magic Dart (safe; 1% risk of failure)
Confirm with . or Enter, or press ? or * to list all spells.
Aiming: Searing Ray (safe; 1% risk of failure)
Press: ? - help, Shift-Dir - straight line, f/p - Joseph
Aim: Joseph, wielding a +0 quarterstaff, wearing a +0 ring mail and quivering 9 sling bullets The searing ray hits Joseph.
Joseph is lightly wounded. (Press . to maintain the ray.) Joseph barely misses you.
The jelly completely misses you.
The searing ray hits Joseph!
Joseph is moderately wounded.
Joseph hits you with a +0 quarterstaff!
You die...

#..# ###. #..# #. ..#
#..#####. #.# #........
#.# #.####### #.######.#
#......#.#
#.#######......#.#
......@@#......#.#
#.....J.(..(((.#.#
####....?#.....#.#######
#.##^................
... #........#.#######
.... ...#.######.# ###
..#.#.# #.# .##.#.# #.#
#. #.#.. #.#


You could see Joseph and a jelly.

Vanquished Creatures
  Grinder (D:5)
  An ice beast (D:6)
  A phantom (D:4)
  2 jellies (D:5)
  2 orc priests (D:5)
  2 orc wizards
  A bullfrog skeleton (D:4)
  Ijyb (D:4)
  A merfolk siren (Sewer)
  An iguana (D:5)
  2 worker ants (D:5)
  A merfolk avatar (Sewer)
  13 gnolls
  2 river rats (D:3)
  9 adders
  A howler monkey skeleton (D:6)
  A shadow imp (D:5)
  2 worms (D:3)
  A dart slug (D:1)
  3 leopard geckos
  11 orcs
  9 giant cockroaches
  5 goblins
  3 hobgoblins
  6 jackals
  4 quokkas
  3 ball pythons
  5 bats
  10 frilled lizards
  12 kobolds
  A leopard gecko skeleton (D:4)
  32 rats
149 creatures vanquished.

Notes
Turn   | Place    | Note
-------+----------+-------------------------------------------
     0 | D:1      | hawla the Draconian Conjurer began the quest for the Orb.
     0 | D:1      | Reached XP level 1. HP: 14/14 MP: 3/3
   539 | D:1      | Reached XP level 2. HP: 19/20 MP: 2/5
   543 | D:1      | Learned a level 2 spell: Searing Ray
   847 | D:1      | Reached skill level 3 in Spellcasting
   869 | D:1      | You fall into a shaft and drop 1 floor!
   996 | D:2      | Reached XP level 3. HP: 26/26 MP: 1/7
  2000 | D:3      | Found a sacrificial altar of Ru.
  2020 | D:3      | Reached skill level 4 in Spellcasting
  2041 | D:3      | Reached XP level 4. HP: 18/33 MP: 7/10
  2462 | D:3      | Found a glowing drain.
  2502 | Sewer    | Entered a sewer
  2508 | Sewer    | Learned a level 4 spell: Iskenderun's Mystic Blast
  2819 | Sewer    | Reached skill level 1 in Translocations
  2819 | Sewer    | Reached XP level 5. HP: 37/38 MP: 0/11
  4816 | D:4      | Reached skill level 5 in Spellcasting
  4816 | D:4      | Reached XP level 6. HP: 45/45 MP: 4/13
  5217 | D:4      | Found Muedd's Jewellery Shoppe.
  5241 | D:4      | Noticed Ijyb
  5245 | D:4      | Paralysed by Ijyb for 7 turns
  5254 | D:4      | Killed Ijyb
  5632 | D:4      | Found a stormy altar of Qazlal.
  5635 | D:4      | Noticed a water elemental
  5638 | D:4      | Noticed a fire elemental
  5638 | D:4      | Noticed an air elemental
  5844 | D:4      | Found an opulent altar of Gozag.
  5882 | D:5      | Entered Level 5 of the Dungeon
  5900 | D:5      | Noticed Grinder
  5917 | D:5      | Paralysed by Grinder for 3 turns
  6158 | D:5      | Your scales start taking on an icy white colour.
  6158 | D:5      | Reached XP level 7. HP: 50/50 MP: 7/15
  6158 | D:5      | Gained mutation: Your flesh is cold resistant. (rC+) [White
                  | Draconian growth]
  6515 | D:5      | Paralysed by Grinder for 2 turns
  6525 | D:5      | Killed Grinder
  6525 | D:5      | Reached skill level 6 in Spellcasting
  6705 | D:5      | Learned a level 5 spell: Metabolic Englaciation
  6832 | D:5      | Reached skill level 1 in Ice Magic
  7157 | D:5      | Reached skill level 1 in Hexes
  7261 | D:5      | Noticed Eustachio
  7535 | D:5      | Reached XP level 8. HP: 57/57 MP: 8/17
  8267 | D:6      | Noticed Blork the orc
  8361 | D:7      | Noticed Joseph
  8371 | D:7      | Slain by Joseph

Illustrated notes

Levels and vault maps discovered:
D:1:      arrival_zaba_pyramid, layout_rooms,
          hangedman_abyss_or_decor_lesser_grid
D:2:      layout_loops_ring, minmay_misc_feat_doors
D:3:      layout_basic, nicolae_ru_awakened_eye, first_ration,
          portal_sewer_entry_b
D:4:      layout_cave_pools, nicolae_qazlal_style_of_elements,
          old_standard_altar, serial_shops, shop, uniq_ijyb
D:5:      layout_loops_cross, uniq_grinder, uniq_eustachio
D:6:      lemuel_ratsnest, layout_loops_corners, grunt_dithmenos_smoke,
          minmay_temple_entry_wispy, uniq_blork_the_orc
D:7:      layout_basic, kennysheep_mini_moat, vehumet_crystals, minivault_26,
          uniq_joseph

Skill      XL: |  1  2  3  4  5  6  7 |
---------------+----------------------+-----
Spellcasting   | 3 4 5 6 |  6.5
Translocations | 1 3 4 |  4.9
Ice Magic      | 2 |  2.5
Hexes          | 1 |  1.8
Dodging        | |  1.7
Stealth        | |  1.7
Conjurations   | |  4.5

Action                   |  1- 3 |  4- 6 |  7- 9 || total
-------------------------+-------+-------+-------++-------
Melee: Unarmed           |    48 |       |       ||    48
       Dagger            |    20 |       |       ||    20
       Tailslap          |     1 |       |     1 ||     2
       Lajatang          |     6 |    23 |    17 ||    46
 Cast: Magic Dart        |    53 |    93 |    31 ||   177
       Searing Ray       |    15 |    39 |    43 ||    97
       Iskenderun's Myst |       |     5 |     1 ||     6
 Abil: Breathe Frost     |       |       |     3 ||     3
  Use: Scroll            |     5 |     5 |     4 ||    14
       Potion            |       |     5 |     4 ||     9
  Eat: Chunk             |     3 |    12 |     6 ||    21
       Ration            |       |     1 |     1 ||     2
Armor: Skin              |    33 |    34 |    37 ||   104
Dodge: Dodged            |    56 |    58 |    71 ||   185
